AoeStats
← JJ

Arabia

507133792Analyzed
3v3 RM · 14d ago on Sep 16, 2026· 45m 49s· 6 players
Game mode
Random Map
Map size
Normal (6 player)
Population
200
Speed
Normal
Resources
Standard
Victory
Conquest
Starting age
Dark Age
Ending age
Imperial Age
RankedLock teamsTeams togetherTeam positionsShared explorationLock speedFull tech treeHidden civsTurbo modeCheats
Victory
Defeat
🇨🇴 Vikings · Colombia
946
+11
🇩🇪 Celts · Germany
912
+13
🇫🇷 Gurjaras · France
880
+14
🇬🇧 Romans · United Kingdom
875
-14
🇬🇧 Khmer · United Kingdom
829
-15
🇬🇧 Burgundians · United Kingdom
814
-33
Skibidi Bop
8:13 Loom
10:07 Feudal Age
20:21 Castle Age
23:07 Padded Archer Armor
23:21 Forging
23:17 Scale Barding Armor
25:58 Double-Bit Axe
26:13 Horse Collar
30:41 Husbandry
30:51 Bloodlines
31:22 Iron Casting
31:27 Heavy Plow
31:56 Bow Saw
32:29 Chain Barding Armor
35:05 Elite Skirmisher
36:09 Leather Archer Armor
35:45 Fletching
37:56 Ballistics
41:36 Imperial Age
39:28 Gold Mining
39:30 Stone Mining
39:37 Stone Mining
39:24 Light Cavalry
40:40 Bodkin Arrow
42:07 Wheelbarrow
42:25 Heavy Camel Rider
43:49 Plate Barding Armor
43:15 Bracer
44:21 Chemistry
44:34 Hand Cart
weinerthenry
0:58 Loom
11:15 Feudal Age
17:17 Castle Age
15:42 Double-Bit Axe
15:40 Horse Collar
17:12 Wheelbarrow
20:13 Gold Mining
22:15 Arson
25:57 Forging
25:48 Scale Mail Armor
32:58 Imperial Age
30:54 Bow Saw
30:52 Heavy Plow
32:13 Stone Mining
32:59 Gold Shaft Mining
33:46 Iron Casting
33:32 Chain Mail Armor
36:42 Hand Cart
36:14 Town Watch
37:39 Blast Furnace
38:35 Plate Mail Armor
40:57 Elite Woad Raider
Domination12344
10:26 Feudal Age
11:12 Double-Bit Axe
16:16 Man-at-Arms
19:19 Castle Age
19:22 Forging
19:29 Long Swordsman
19:59 Gambesons
20:22 Horse Collar
24:21 Fletching
25:44 Elite Skirmisher
26:54 Squires
29:01 Iron Casting
29:52 Gold Mining
30:51 Heavy Plow
30:42 Town Watch
35:48 Imperial Age
34:22 Bow Saw
34:35 Town Patrol
34:36 Bodkin Arrow
35:08 Scale Mail Armor
36:48 Gold Shaft Mining
36:06 Two-Handed Swordsman
38:51 Blast Furnace
39:08 Chieftains
40:03 Crop Rotation
39:36 Padded Archer Armor
42:23 Chemistry
41:35 Masonry
41:51 Ballistics
41:30 Murder Holes
44:42 Loom
46:01 Two-Man Saw
45:24 Bracer
Weevil
6:55 Loom
9:06 Feudal Age
11:33 Scale Mail Armor
10:58 Man-at-Arms
12:40 Double-Bit Axe
20:02 Castle Age
18:27 Horse Collar
20:42 Long Swordsman
22:00 Elite Skirmisher
25:11 Chain Mail Armor
29:57 Gold Mining
30:43 Forging
30:33 Stone Mining
31:03 Bow Saw
33:37 Ballistics
32:55 Crossbowman
34:10 Ballistas
37:54 Imperial Age
36:16 Squires
36:49 Heavy Plow
38:06 Heavy Scorpion
41:35 Wheelbarrow
40:45 Town Watch
42:31 Legionary
Farmer Iain
7:09 Loom
10:00 Feudal Age
11:30 Double-Bit Axe
12:15 Horse Collar
17:08 Gold Mining
22:37 Castle Age
21:00 Fletching
23:02 Crossbowman
23:41 Bodkin Arrow
26:31 Bow Saw
26:25 Heavy Plow
28:35 Bloodlines
28:26 Husbandry
28:58 Padded Archer Armor
35:20 Town Watch
38:28 Leather Archer Armor
39:13 Gold Shaft Mining
39:00 Scale Barding Armor
43:03 Imperial Age
43:05 Tusk Swords
44:01 Bracer
43:30 Arbalester
45:03 Wheelbarrow
JJ
10:58 Feudal Age
9:16 Loom
11:45 Horse Collar
13:03 Heavy Plow
20:24 Double-Bit Axe
38:20 Bow Saw
43:56 Castle Age
44:25 Scale Barding Armor
Connection lost

Rejoining the realm…

Still unreachable

The connection could not be restored.

Session expired

The server has moved on; the page needs a fresh start.